 Dungeon Crawl Stone Soup version 0.28-a0-1486-g8196b01e9b (webtiles) character file.

Game seed: 17095593649421182003

8750 Essalna the Arsonist (level 11, 0/90 HPs)
             Began as a Demonspawn Fire Elementalist on Jan 12, 2022.
             Was a Believer of Vehumet.
             Slain by an orc warrior (13 damage)
             ... on level 1 of the Orcish Mines.
             The game lasted 00:25:44 (12480 turns).

Essalna the Arsonist (DsFE)                        Turns: 12480, Time: 00:25:44

Health: 0/90       AC: 14    Str:  9    XL:     11   Next: 14%
Magic:  1/23       EV: 11    Int: 26    God:    Vehumet [**....]
Gold:   714        SH:  5    Dex: 14    Spells: 20/27 levels left

rFire   . . .      SeeInvis .   B - +5 trident "Noalodd" {venom, +Blink rC+ rN+ Will+}
rCold   + . .      Faith    .   r - +0 buckler
rNeg    + . .      Spirit   .   a - +0 robe
rPois   +          Reflect  .   m - +2 helmet
rElec   .          Harm     .   k - +0 cloak {rPois}
rCorr   .          Rampage  .   (gloves unavailable)
Will    +....                   z - +1 pair of boots
Stlth   ++........              e - amulet of regeneration
HPRegen 1.05/turn               b - +6 ring of intelligence
MPRegen 0.18/turn               q - +4 ring of protection

@: about to teleport
A: rugged brown scales 2, powered by death 1, demonic touch 3
a: Renounce Religion, Evoke Blink


You were on level 1 of the Orcish Mines.
You worshipped Vehumet.
Vehumet was pleased with you.
You visited 3 branches of the dungeon, and saw 11 of its levels.

You collected 714 gold pieces.

Inventory:

Hand Weapons
 f - a +3 dagger of speed
 B - the +5 trident "Noalodd" (weapon) {venom, +Blink rC+ rN+ Will+}
   (You found it on level 8 of the Dungeon)

   It poisons the flesh of those it strikes.
   rC:        It protects you from cold.
   rN:        It protects you from negative energy.
   +Blink:    It lets you blink.
   Will:      It increases your willpower.
Missiles
 c - 5 atropa-tipped darts
Armour
 a - a +0 robe (worn)
 d - an orb of wrath
 k - a +0 cloak of poison resistance (worn)
 m - a +2 helmet (worn)
 r - a +0 buckler (worn)
 z - a +1 pair of boots (worn)
 C - a +0 hat of willpower
 F - a +0 pair of gloves
Magical Staves
 i - a staff of cold
 A - a staff of death
Jewellery
 b - a +6 ring of intelligence (left hand)
 e - an amulet of regeneration (around neck)
 q - a +4 ring of protection (right hand)
 H - an amulet of guardian spirit
 J - a ring of ice
Wands
 t - a wand of flame (15)
Scrolls
 g - a scroll of teleportation
 p - 9 scrolls of identify
 v - 3 scrolls of immolation
 w - 3 scrolls of holy word {unknown}
 y - a scroll of amnesia {unknown}
 E - a scroll of torment {unknown}
 G - 2 scrolls of vulnerability {unknown}
 I - a scroll of fear {unknown}
Potions
 h - a potion of mutation
 j - 5 potions of curing {unknown}
 l - 3 potions of might
 n - a potion of magic {unknown}
 o - 4 potions of attraction {unknown}
 s - 3 potions of heal wounds {unknown}
 u - 4 potions of cancellation {unknown}
 x - a potion of resistance {unknown}
 D - a potion of flight {unknown}


   Skills:
 + Level 8.2 Fighting
 - Level 1.7 Dodging
 - Level 1.7 Stealth
 - Level 4.0 Shields
 + Level 8.9 Spellcasting
 - Level 6.0 Conjurations
 + Level 9.2 Fire Magic


You had 20 spell levels left.
You knew the following spells:

 Your Spells              Type           Power      Damage    Failure   Level
a - Foxfire               Conj/Fire      100%       2x1d9     1%          1
b - Scorch                Fire           100%       2d10      1%          2
c - Flame Wave            Conj/Fire      50%        2d9       2%          4

Your spell library contained the following spells:

 Spells                   Type           Power      Damage    Failure   Level
 Static Discharge         Conj/Air       27%        N/A       3%          2
 Conjure Flame            Conj/Fire      50%        6-21      1%          3
 Inner Flame              Hex/Fire       35%        N/A       3%          3
 Ignite Poison            Fire/Tmut/Pois 27%        N/A       5%          3
 Pain                     Necr           44%        1d6       7%          1
 Mephitic Cloud           Conj/Pois/Air  22%        N/A       9%          3
 Freezing Cloud           Conj/Ice/Air   11%        6-21      63%         5
 Excruciating Wounds      Necr           5%         N/A       88%         5
 Death Channel            Necr           5%         N/A       100%        6


Dungeon Overview and Level Annotations

Branches:
Dungeon (9/15)             Temple (1/1) D:7             Orc (1/2) D:9
   Lair: D:8-11

Altars:
Dithmenos
Gozag
Makhleb
Qazlal
Uskayaw
Vehumet
Beogh

Shops:
D:2 (   D:6 *


Innate Abilities, Weirdness & Mutations

You are mostly covered in rugged brown scales. (AC +2, +5% HP)
You regenerate a little health from kills.
Your touch may irresistibly damage your foes and sap their willpower.


Message History

Confirm with . or Enter, or press ? or * to list all spells.
Casting: Flame Wave (dangerous; 2% risk of failure)
Press: ? - help, Dir - look around, f - activate A wave of flame ripples out!
The flame wave engulfs the orc warrior but does no damage.
The orc warrior is almost dead. (Press . to intensify the flame waves.)
The orc warrior hits you from afar with a +0 trident!
You block the orc warrior's attack.
A wave of flame ripples out!
The flame wave engulfs the orc warrior but does no damage. x2
The orc warrior is almost dead.
The flame wave engulfs the orc warrior.
The orc warrior is lightly wounded.
The orc warrior hits you but does no damage.
The orc warrior hits you from afar with a +0 trident.
An orc comes into view. It is wielding a +0 hand axe.
The orc warrior hits you with a +0 battleaxe!!
* * * LOW HITPOINT WARNING * * *
An orc warrior comes into view. It is wielding a +0 long sword.
A wave of flame ripples out!
The flame wave engulfs the orc warrior but does no damage.
The flame wave engulfs the orc warrior.
The orc warrior is almost dead.
The flame wave engulfs the orc warrior!
The orc warrior is burned terribly!
The orc warrior is heavily wounded.
You finish channelling waves of flame.
The orc warrior is no longer more vulnerable to fire.
The orc warrior hits you from afar with a +0 trident.
* * * LOW HITPOINT WARNING * * *
The orc warrior closely misses you.
As you read the scroll of teleportation, it crumbles to dust.
You feel strangely unstable.
The orc knight roars a battlecry!
The orcs go into a battle-frenzy!
The orc warrior hits you with a +0 scimitar!
* * * LOW HITPOINT WARNING * * *
The orc warrior misses you.
The orc warrior hits you with a +0 battleaxe!
You die...

####................
##..#..)#...)......#.
#......###.........#.
##....######......... .
###.###.##.......... #o.
#...#.........#....
.##oo###..##.##......##..
..#.o8..o..#####.....##..
.o#..)o.@..# #..........
.o#...o.o...# ##.....##.#
..#.....##.## ###.######
..#..8.## ## ### .##))##
#... ...# ..


You could see 2 orc knights, 6 orc warriors and 2 orcs.

Vanquished Creatures
  Gastronok (D:8)
  The ghost of Essalna the Fighter, a novice DjCj of Makhleb (D:9)
  Pikel (D:9)
  Joseph (D:7)
  2 hornets
  Grinder (D:3)
  6 yaks (D:9)
  3 wyverns
  Duvessa (D:7)
  2 water moccasins
  2 ice beasts
  5 orc warriors
  A sky beast (D:7)
  2 centaurs
  4 ogres
  3 phantoms
  4 lemures (D:9)
  3 bullfrogs
  A kobold brigand (D:6)
  A gnoll sergeant (D:9)
  A scorpion (D:5)
  A wyvern zombie (D:6)
  Dowan (D:7)
  20 killer bees
  3 wights (D:7)
  5 howler monkeys
  A bullfrog zombie (D:6)
  8 orc priests
  5 hounds
  Crazy Yiuf (D:7)
  2 jellies
  A bullfrog skeleton (D:5)
  A centaur skeleton (D:7)
  2 iguanas
  7 orc wizards
  A killer bee zombie (D:8)
  A hound skeleton (D:5)
  Robin (D:2)
  4 gnolls (D:9)
  An adder (D:2)
  2 shadow imps
  2 ufetubi
  An adder skeleton (D:4)
  5 dart slugs
  A worm (D:3)
  46 orcs
  4 ball pythons
  8 endoplasms
  6 giant cockroaches
  14 goblins
  8 hobgoblins
  2 quokkas
  9 bats
  4 frilled lizards
  12 kobolds
  9 rats
245 creatures vanquished.

Vanquished Creatures (others)
  751 foxfires
751 creatures vanquished.

Grand Total: 996 creatures vanquished

Notes
Turn   | Place    | Note
-------+----------+-------------------------------------------
     0 | D:1      | Essalna the Demonspawn Fire Elementalist began the quest
                  | for the Orb.
     0 | D:1      | Reached XP level 1. HP: 13/13 MP: 3/3
   253 | D:1      | Got the Collected Works on Darkness
   335 | D:1      | Gained mutation: You are partially covered in rugged brown
                  | scales. (AC +1, +3% HP) [demonic ancestry]
   335 | D:1      | Reached XP level 2. HP: 13/19 MP: 1/5
   771 | D:1      | Reached skill level 3 in Fire Magic
  1537 | D:2      | Reached XP level 3. HP: 23/24 MP: 3/6
  1605 | D:2      | Found a faded altar of an unknown god.
  1902 | D:2      | Found Iwenwepp's Weapon Shoppe.
  2049 | D:2      | Learned a level 2 spell: Scorch
  2357 | D:2      | Found a burning altar of Makhleb.
  2520 | D:3      | Reached XP level 4. HP: 30/30 MP: 4/8
  2534 | D:3      | Noticed Grinder
  2536 | D:3      | Paralysed by Grinder for 4 turns
  2583 | D:2      | Noticed Robin
  2588 | D:2      | Killed Robin
  2681 | D:3      | Learned a level 4 spell: Flame Wave
  3178 | D:3      | Paralysed by Grinder for 2 turns
  3191 | D:3      | Killed Grinder
  3192 | D:3      | Reached skill level 4 in Fire Magic
  3192 | D:3      | Reached XP level 5. HP: 28/36 MP: 0/10
  3192 | D:3      | Reached XP level 6. HP: 33/42 MP: 0/11
  4136 | D:4      | Noticed an ice beast
  4143 | D:4      | Killed an ice beast
  4241 | D:4      | Gained mutation: Your touch may inflict minor irresistible
                  | damage on your foes. [demonic ancestry]
  4241 | D:4      | Reached XP level 7. HP: 47/47 MP: 8/13
  5116 | D:5      | Entered Level 5 of the Dungeon
  5199 | D:5      | Reached skill level 1 in Fighting
  5199 | D:5      | Reached skill level 1 in Shields
  5348 | D:5      | Reached skill level 5 in Fire Magic
  5826 | D:5      | Gained mutation: Your touch may inflict irresistible damage
                  | on your foes. [demonic ancestry]
  5826 | D:5      | Reached XP level 8. HP: 57/57 MP: 7/15
  5832 | D:4      | Reached skill level 5 in Spellcasting
  5920 | D:5      | Reached skill level 5 in Conjurations
  6628 | D:6      | Found Gozag's Platinum Reserve.
  6642 | D:6      | Found an opulent altar of Gozag.
  7726 | D:7      | Reached skill level 6 in Fire Magic
  7729 | D:7      | Gained mutation: You are mostly covered in rugged brown
                  | scales. (AC +2, +5% HP) [demonic ancestry]
  7729 | D:7      | Reached XP level 9. HP: 54/68 MP: 1/17
  8103 | D:7      | Found a staircase to the Ecumenical Temple.
  8110 | Temple   | Entered the Ecumenical Temple
  8220 | Temple   | Became a worshipper of Vehumet
  8306 | D:7      | Noticed Joseph
  8328 | D:7      | Noticed Duvessa
  8480 | D:7      | Found a runed translucent door.
  8481 | D:7      | Noticed Crazy Yiuf
  8490 | D:7      | Killed Crazy Yiuf
  8653 | D:7      | Noticed Dowan
  8868 | D:7      | Killed Joseph
  8876 | D:7      | Reached skill level 5 in Fighting
  8988 | D:7      | Reached skill level 7 in Fire Magic
  9099 | D:7      | Killed Duvessa
  9102 | D:7      | Killed Dowan
  9456 | D:8      | Identified the +5 trident "Noalodd" {venom, +Blink rC+ rN+
                  | Will+}
 10167 | D:8      | Reached * piety under Vehumet
 10167 | D:8      | Offered knowledge of Magic Dart by Vehumet.
 10264 | D:8      | Noticed Gastronok
 10311 | D:8      | Killed Gastronok
 10312 | D:8      | Gained mutation: You regenerate a little health from kills.
                  | [demonic ancestry]
 10312 | D:8      | Reached XP level 10. HP: 38/80 MP: 1/21
 10807 | D:9      | Reached skill level 8 in Fire Magic
 11220 | D:9      | Found a runed translucent gate.
 11273 | D:9      | Found a runed translucent gate.
 11274 | D:9      | Found a runed translucent gate.
 11276 | D:9      | Noticed Essalna's ghost (novice DjCj)
 11521 | D:9      | Noticed Pikel
 11529 | D:9      | Killed Pikel
 11668 | D:9      | Found a staircase to the Orcish Mines.
 11974 | D:9      | Gained mutation: Your touch may irresistibly damage your
                  | foes and sap their willpower. [demonic ancestry]
 11974 | D:9      | Reached XP level 11. HP: 72/90 MP: 4/23
 11982 | D:9      | Killed Essalna's ghost
 11983 | D:9      | Reached skill level 9 in Fire Magic
 12143 | Orc:1    | Entered Level 1 of the Orcish Mines
 12155 | Orc:1    | Reached ** piety under Vehumet
 12156 | Orc:1    | Offered knowledge of Static Discharge by Vehumet.
 12462 | Orc:1    | Noticed an orc knight
 12465 | Orc:1    | Noticed an orc knight
 12480 | Orc:1    | Slain by an orc warrior

Illustrated notes

Levels and vault maps discovered:
D:1:      minmay_arrival_checkered_box, layout_loops_cross,
          chequers_serial_rivers_room_a, grunt_decor_resistance,
          kennysheep_nondescript
D:2:      layout_loops_ring, serial_shops, shop, basic_ecumenical_altar,
          basic_altar, minmay_worlds_worst_comb, uniq_robin
D:3:      layout_loops_corners, grunt_ministairs_9,
          nicolae_figureground_sparkle, uniq_grinder
D:4:      layout_loops_ring
D:5:      layout_basic
D:6:      layout_gridville, nicolae_gozag_zags_fifth_avenue, minivault_10
D:7:      layout_rooms, minmay_temple_entry_nine_rooms, uniq_joseph,
          uniq_crazy_yiuf_cottage, uniq_duvessa
D:8:      layout_loops_corners, serial_glass, glass_columns_c, glass_columns_a,
          due_unseen_surprise, minmay_strange_pillars, uniq_gastronok
D:9:      layout_loops_ring, orc_0_dummy, biasface_ghost_orc_armoury, uniq_pikel
Temple:   mainiacjoe_temple_trianglar_array
Orc:1:    cheibrodos_orc_arena, layout_caves, serial_shops, shop

Skill      XL: |  1  2  3  4  5  6  7  8  9 10 11 |
---------------+----------------------------------+-----
Fire Magic     | 3 4 5 6 7 8 9 |  9.2
Conjurations   | 2 3 4 5 6 |  6.0
Spellcasting   | 3 4 5 7 8 |  8.9
Fighting       | 2 3 6 7 8 |  8.2
Shields        | 1 3 4 |  4.0
Dodging        | |  1.7
Stealth        | |  1.7

Action                   |  1- 3 |  4- 6 |  7- 9 | 10-12 || total
-------------------------+-------+-------+-------+-------++-------
Melee: Dagger            |    56 |    32 |    23 |       ||   111
       Unarmed           |     1 |       |       |       ||     1
       Trident           |       |       |     3 |    75 ||    78
 Cast: Foxfire           |    87 |    71 |   246 |    71 ||   475
       Scorch            |       |    10 |    68 |    34 ||   112
       Flame Wave        |       |       |     5 |    18 ||    23
  Use: Scroll            |       |       |     7 |     1 ||     8
 Stab: Sleeping          |     2 |       |       |     1 ||     3
Armor: Robe              |    17 |     8 |    36 |    72 ||   133
Dodge: Dodged            |    24 |    15 |    53 |    65 ||   157
Block: Buckler           |       |       |    12 |    28 ||    40

Table legend: (Time is in decaauts)
 A = Elapsed time spent in this place.
 B = Non-inter-level travel time spent in this place.
 C = Inter-level travel time spent in this place.
 D = Time resting spent in this place.
 E = Time spent auto-exploring this place.
 F = Levels seen in this place.
 G = Mean time per level.
                   A        B        C        D        E       F      G
               +--------+--------+--------+--------+--------+-----+--------+
         Total |  12580 |  12029 |    551 |    564 |   9618 |  11 | 1143.6 |
       Dungeon |  12206 |  11705 |    501 |    564 |   9362 |   9 | 1356.2 |
        Temple |    158 |    108 |     50 |      0 |    106 |   1 |  158.0 |
  Orcish Mines |    215 |    215 |      0 |      0 |    150 |   1 |  215.0 |
               +--------+--------+--------+--------+--------+-----+--------+

Top non-repeatable levels by time:
     D:8: 1529 daAuts
     D:3: 1522 daAuts
     D:9: 1428 daAuts
     D:6: 1412 daAuts
     D:1: 1385 daAuts
     D:4: 1365 daAuts
     D:7: 1240 daAuts
     D:2: 1238 daAuts
     D:5: 1083 daAuts
   Orc:1: 215 daAuts
  Temple: 158 daAuts
